Map: 机械城 - 天梯版

Players

SortOf - Winner!

  • Race: Zerg Zerg

DnS

  • Race: Protoss Protoss

Event: WESG 2018 Grand Finals

VOD

Have the link to the VOD?

Description

Time

  • Played on: March 13, 2019, 5:01 a.m.
  • Length: 12:18

All games in this series

Show
View Real Time Build Order
Export as new Build Order

SortOf Zerg - Winner!

Build Orders: Hatch First 

Get SALT Encoding   

  12  0:00  Drone  
  13  0:13  Overlord  
  13  0:18  Drone  
  14  0:31  Drone x2  
  16  0:50  Hatchery  
  16  0:53  Drone  
  16  0:57  Drone  
  16  1:00  Drone  
  18  1:09  Drone  
  19  1:12  Extractor  
  18  1:18  Spawning Pool  
  18  1:21  Drone  
  18  1:28  Drone  
  19  1:40  Drone  
  20  1:49  Hatchery  
  20  1:51  Drone  
  20  2:05  Queen  
  20  2:06  Zergling x2  
  23  2:11  Overlord  
  23  2:16  Drone  
  23  2:20  Drone  
  25  2:24  Drone x2  
  27  2:34  Queen  
  29  2:37  Zergling x2  
  29  2:38  Zergling x2  
  31  2:44  Queen  
  31  2:48  Drone  
  34  2:52  Drone  
  35  2:59  Overlord, Metabolic Boost  
  35  3:01  Drone  
  36  3:07  Drone x2  
  38  3:13  Drone x2  
  38  3:19  Drone x2  
  42  3:25  Queen  
  42  3:26  Overlord  
  44  3:28  Drone  
  44  3:31  Drone  
  46  3:39  Drone x3  
  49  3:47  Queen  
  51  3:48  Drone  
  51  3:49  Drone  
  51  3:52  Overlord, Drone  
  51  3:55  Evolution Chamber, Drone  
  54  3:57  Drone  
  54  3:58  Overlord  
  54  4:01  Spore Crawler  
  54  4:05  Zergling x2  
  54  4:06  Spore Crawler, Zergling x2  
  54  4:10  Zergling x4  
  54  4:15  Spore Crawler  
  55  4:18  Zergling x8  
  55  4:20  Zergling x2  
  60  4:24  Zerg Melee Weapons Level 1  
  60  4:26  Overlord  
  56  4:42  Drone x9  
  63  4:46  Drone  
  63  4:51  Overlord  
  63  4:52  Lair  
  64  4:55  Extractor  
  64  4:59  Overlord  
  63  5:00  Queen  
  63  5:07  Zergling x10  
  69  5:09  Drone x2  
  69  5:12  Drone  
  69  5:13  Drone  
  74  5:16  Extractor  
  74  5:19  Roach Warren  
  74  5:20  Drone x2  
  74  5:21  Drone  
  74  5:25  Drone x3  
  78  5:31  Baneling Nest  
  78  5:33  Drone x3  
  78  5:35  Drone x2  
  82  5:41  Zergling x10  
  83  5:48  Drone x3, Extractor  
  85  5:56  Extractor  
  84  5:57  Overlord  
  84  5:58  Roach x3  
  90  6:04  Overlord  
  90  6:11  Hydralisk Den  
  90  6:13  Hatchery  
  90  6:17  Zergling x20  
  92  6:27  Drone x6  
  96  6:33  Zerg Melee Weapons Level 2, Centrifical Hooks  
  96  6:35  Drone x2  
  98  6:42  Overlord  
  98  6:45  Grooved Spines  
  99  6:47  Drone x4  
  99  6:48  Extractor  
  99  6:52  Overlord  
  97  7:01  Drone  
  97  7:02  Drone, Hydralisk  
  97  7:03  Hydralisk x3  
  104  7:11  Drone x4  
  104  7:14  Hydralisk x3  
  114  7:16  Overseer  
  114  7:21  Hydralisk x3  
  118  7:27  Overlord  
  118  7:28  Hydralisk x2  
  122  7:33  Overlord  
  122  7:37  Drone  
  122  7:38  Overlord, Infestation Pit  
  122  7:41  Drone x6, Extractor  
  127  7:46  Extractor  
  127  7:48  Hydralisk x3  
  131  7:58  Muscular Augments  
  131  8:00  Hydralisk x2  
  131  8:01  Zergling x8, Hydralisk  
  141  8:07  Drone x3  
  143  8:13  Zergling x14  
  143  8:19  Overlord  
  150  8:20  Overlord x2  
  150  8:22  Hive  
  149  8:33  Spire  
  148  8:38  Zergling x26  
  161  8:43  Baneling x10  
  161  8:48  Baneling x10  
  161  8:56  Zergling x16  
  168  9:03  Zergling x10  
  168  9:04  Overlord  
  168  9:05  Baneling x2  
  168  9:08  Overlord  
  173  9:16  Overlord  
  166  9:30  Zergling x2  
  166  9:31  Zergling x34  
  172  9:34  Baneling x3  
  172  9:38  Zerg Missile Weapons Level 1  
  172  9:40  Adrenal Glands  
  172  9:46  Greater Spire  
  172  9:48  Corruptor x3  
  162  10:07  Corruptor x4  
  162  10:09  Zergling x22  
  180  10:22  Baneling x8  
  180  10:27  Baneling x27  
  180  10:30  Zergling x4  
  180  10:32  Baneling x5  
  180  10:33  Baneling x2  
  145  10:54  Zergling x24  
  150  11:03  Brood Lord  
  150  11:04  Brood Lord x3  
  152  11:13  Brood Lord  
  152  11:15  Queen x2  
  158  11:21  Brood Lord  
  158  11:22  Zergling x20  
  170  11:26  Brood Lord  
  170  11:31  Overseer  
  172  11:37  Hatchery  
  172  11:38  Overseer  
  173  11:40  Zergling x4, Baneling x6  
  173  11:45  Zergling x10  
  178  11:49  Baneling x8  
  178  11:53  Zergling x6  
Show
View Real Time Build Order
Export as new Build Order

DnS Protoss 

Build Orders: 1 Gate Expand, Archon Immortal 

Get SALT Encoding   

  12  0:00  Probe  
  13  0:12  Probe  
  14  0:19  Pylon  
  14  0:24  Probe  
  15  0:33  Probe  
  15  0:38  Gateway  
  15  0:41  Probe  
  16  0:48  Assimilator  
  17  0:51  Probe  
  18  1:03  Probe  
  19  1:15  Probe  
  20  1:26  Nexus  
  20  1:36  Cybernetics Core  
  20  1:40  Probe  
  20  1:45  Assimilator  
  21  1:52  Probe  
  22  1:56  Pylon  
  22  2:04  Adept, Probe  
  23  2:12  Warp Gate  
  25  2:16  Probe  
  26  2:24  Stalker  
  26  2:28  Probe  
  27  2:35  Probe  
  29  2:40  Probe  
  29  2:43  Probe  
  32  2:52  Probe  
  32  2:53  Probe  
  32  2:58  Gateway  
  34  3:04  Probe  
  34  3:05  Probe  
  36  3:09  Gateway  
  36  3:12  Gateway  
  36  3:16  Probe  
  36  3:18  Sentry  
  36  3:19  Probe  
  40  3:28  Probe  
  40  3:29  Probe  
  40  3:30  Pylon  
  42  3:36  Probe  
  42  3:41  Pylon, Probe  
  44  3:46  Assimilator  
  44  3:49  Probe, Assimilator  
  44  3:53  Pylon, Probe  
  46  4:01  Probe  
  47  4:09  Adept x4  
  55  4:16  Phoenix  
  55  4:17  Probe x2  
  55  4:23  Robotics Facility  
  57  4:24  Forge  
  57  4:28  Protoss Ground Weapons Level 1  
  57  4:29  Probe x2  
  59  4:37  Sentry x4  
  63  4:41  Probe  
  60  4:50  Probe, Phoenix  
  61  4:56  Twilight Council  
  61  5:02  Nexus  
  61  5:04  Pylon  
  61  5:07  Pylon  
  64  5:14  Immortal  
  64  5:27  Gateway  
  64  5:28  Gateway  
  64  5:30  Gateway  
  64  5:34  Gateway  
  63  5:43  Phoenix  
  63  5:44  Probe x2  
  63  5:45  Charge  
  63  5:47  Immortal  
  65  5:54  Zealot  
  65  5:56  Probe  
  65  5:57  Probe  
  69  6:02  Protoss Ground Weapons Level 2  
  73  6:04  Templar Archives  
  73  6:09  Probe x2  
  75  6:13  Zealot  
  75  6:14  Zealot  
  75  6:18  Immortal  
  77  6:22  Probe  
  74  6:28  Probe  
  74  6:29  Probe  
  76  6:35  Probe  
  77  6:40  Probe  
  77  6:41  Probe  
  77  6:43  Psionic Storm  
  77  6:45  Assimilator  
  77  6:46  Assimilator  
  77  6:47  Probe  
  80  6:48  High Templar  
  80  6:49  High Templar  
  80  6:53  Probe x2  
  86  6:58  Archon  
  86  6:59  Zealot x2, Probe  
  81  7:07  Zealot  
  81  7:08  Probe x2  
  81  7:15  Probe  
  82  7:16  High Templar x2  
  82  7:17  Immortal  
  82  7:22  Probe  
  91  7:24  Probe  
  91  7:27  Probe  
  93  7:30  Pylon  
  93  7:32  Pylon  
  93  7:35  Pylon  
  93  7:39  Pylon  
  93  7:47  Warp Prism  
  93  7:48  Probe x2  
  93  7:49  High Templar x2  
  93  7:50  High Templar  
  101  7:51  Probe  
  101  7:54  Protoss Ground Weapons Level 3  
  101  7:56  Photon Cannon  
  101  7:57  Shield Battery  
  104  8:00  Probe  
  105  8:08  High Templar  
  105  8:09  High Templar, Zealot x2  
  105  8:10  Zealot  
  113  8:12  Archon  
  113  8:19  Nexus  
  113  8:21  Pylon  
  113  8:25  Immortal  
  113  8:32  Probe x3  
  120  8:42  High Templar x2  
  120  8:45  Assimilator  
  120  8:48  Archon  
  124  8:49  Sentry  
  124  8:50  Assimilator  
  124  8:53  Gateway  
  124  8:54  Gateway  
  126  8:56  Gateway  
  126  8:59  High Templar  
  126  9:00  Photon Cannon  
  126  9:01  Pylon  
  126  9:04  High Templar  
  126  9:06  Warp Prism  
  126  9:08  Archon  
  128  9:11  Zealot x2  
  128  9:15  Pylon x3  
  126  9:28  Probe  
  126  9:29  Probe  
  126  9:31  Probe x2  
  119  9:36  Zealot  
  122  9:38  High Templar x2  
  122  9:39  Zealot x3  
  122  9:40  High Templar  
  122  9:41  High Templar, Probe  
  122  9:42  Probe  
  138  9:50  Archon  
  138  9:51  Archon  
  138  9:54  Probe x3  
  138  9:55  Probe  
  132  10:03  Zealot x2  
  132  10:06  Probe x2  
  132  10:07  Probe  
  130  10:14  High Templar x4, Photon Cannon  
  130  10:18  Archon  
  130  10:19  Archon  
  138  10:22  Zealot x3  
  138  10:23  Zealot x2  
  138  10:26  Probe x3  
  138  10:27  Probe  
  152  10:31  High Templar x2  
  156  10:36  Archon  
  104  10:53  Warp Prism  
  104  10:56  High Templar x4  
  100  10:59  Zealot x5  
  104  11:16  High Templar, Immortal  
  104  11:17  High Templar  
  106  11:21  Archon  
  106  11:30  High Templar x2  
  106  11:31  Zealot x5  
  106  11:32  Zealot x2  
  126  11:35  Archon  
  126  11:38  Photon Cannon  
  126  11:42  Stargate  
  126  11:49  Photon Cannon  
  126  11:51  Zealot x4  
  126  11:52  Zealot x3  
  138  11:56  Zealot  
  140  12:06  Zealot x3  
Tags
 
Add a new tag
Caveats
  • Supply blocks, unpowered buildings, or Contaminate may cause inaccurate times.
  • Supply counts are checked every 10 seconds.